 Dungeon Crawl Stone Soup version 0.27-a0-25-g087482e4d5 (webtiles) character file.

Game seed: 3453902119808345214

3111 eLGassi the Skirmisher (level 9, -5/118 HPs)
             Began as a Hill Orc Fire Elementalist on Jan 3, 2021.
             Was an Initiate of Makhleb.
             Slain by a killer bee (8 damage)
             ... on level 7 of the Dungeon.
             The game lasted 00:37:24 (10711 turns).

eLGassi the Skirmisher (HOFE)                      Turns: 10711, Time: 00:37:24

Health: -5/118     AC: 12    Str: 11    XL:     9   Next: 91%
Magic:  13/15      EV:  9    Int: 18    God:    Makhleb [......]
Gold:   400        SH:  0    Dex: 11    Spells: 12/16 levels left

rFire    . . .     SeeInvis .   a - +1 scimitar (holy)
rCold    + . .     Faith    .   (no shield)
rNeg     . . .     Spirit   .   H - +1 scale mail {rC+}
rPois    .         Reflect  .   n - +0 helmet
rElec    .         Harm     .   (no cloak)
rCorr    .         Rampage  .   f - +0 pair of gloves
Will     .....                  j - +0 pair of boots
Stlth    ..........             (no amulet)
HPRegen  0.29/turn              (no ring)
MPRegen  0.14/turn              (no ring)

@: berserking (expiring), lethally poisoned (-5 -> -24), very quick
A: no striking features
a: Renounce Religion


You were on level 7 of the Dungeon.
You worshipped Makhleb.
Makhleb was noncommittal.
You visited 2 branches of the dungeon, and saw 9 of its levels.

You collected 400 gold pieces.

Inventory:

Hand Weapons
 a - a +1 scimitar of holy wrath (weapon)
 b - a +0 hunting sling
 h - a +0 spear of venom
Missiles
 x - 181 stones
Armour
 f - a +0 pair of gloves (worn)
 j - a +0 pair of boots (worn)
 n - a +0 helmet (worn)
 t - a +0 robe
 y - a +0 leather armour
 H - a +1 scale mail of cold resistance (worn)
Jewellery
 F - an uncursed amulet of regeneration {unknown}
 J - an uncursed ring of protection from cold {unknown}
 K - an uncursed ring of protection from fire {unknown}
Wands
 s - a wand of random effects (21)
 D - a wand of digging (5)
 E - a wand of flame (14)
 I - a wand of enslavement (8)
 M - a wand of paralysis (11)
Scrolls
 c - 2 scrolls of remove curse
 d - 11 scrolls of identify {unknown}
 o - a scroll of blinking {unknown}
 p - a scroll of fog {unknown}
 q - 2 scrolls of teleportation
 v - a scroll of amnesia
 w - 7 scrolls of immolation
 A - 3 scrolls of fear {unknown}
 L - a scroll of random uselessness {unknown}
Potions
 e - a potion of berserk rage
 g - a potion of magic {unknown}
 i - 2 potions of mutation {unknown}
 k - 6 potions of flight {unknown}
 l - a potion of ambrosia {unknown}
 m - a potion of might {unknown}
 r - a potion of invisibility {unknown}
 u - a potion of brilliance {unknown}
 z - 4 potions of heal wounds {unknown}
 B - 2 potions of haste {unknown}
 C - 2 potions of curing {unknown}
 G - a potion of lignification {unknown}


   Skills:
 + Level 7.0 Fighting
 + Level 5.7 Long Blades
 * Level 6.3 Armour
 - Level 1.5 Dodging
 - Level 1.5 Stealth
 + Level 4.4 Spellcasting
 - Level 5.0 Conjurations
 - Level 5.0 Fire Magic
 * Level 4.5 Invocations


You had 12 spell levels left.
You knew the following spells:

 Your Spells              Type           Power        Failure   Level
a - Foxfire               Conj/Fire      88%          9%          1
b - Conjure Flame         Conj/Fire      22%          26%         3

Your spell library contained the following spells:

 Spells                   Type           Power        Failure   Level
 Inner Flame              Hex/Fire       13%          58%         3
 Sticky Flame             Conj/Fire      22%          65%         4
 Fireball                 Conj/Fire      11%          94%         5


Dungeon Overview and Level Annotations

Branches:
Dungeon (8/15)             Temple (1/1) D:6
   Lair: D:8-11

Altars:
Ashenzari
Cheibriados
Dithmenos
Elyvilon
Fedhas
Gozag
Hepliaklqana
Kikubaaqudgha
Makhleb
Nemelex Xobeh
Okawaru
Qazlal
Ru
Sif Muna
Trog
Uskayaw
Vehumet
Wu Jian
Xom
Yredelemnul
Zin
The Shining One

Annotations:
D:1 1 runed translucent door


Message History

You are lethally poisoned!
The killer bee poisons you!
The killer bee stings you but does no damage.
The killer bee stings you!
* * * LOW HITPOINT WARNING * * *
You barely miss the killer bee.
The killer bee is severely wounded.
* * * LOW HITPOINT WARNING * * *
You feel sick.
The killer bee stings you but does no damage.
The killer bee barely misses you.
You completely miss the killer bee.
The killer bee is severely wounded.
* * * LOW HITPOINT WARNING * * *
You feel sick. The killer bee barely misses you.
You riposte.
You closely miss the killer bee.
The killer bee is moderately wounded.
The killer bee stings you but does no damage. x2
The killer bee stings you!
You die...

#.##....###..# #.#
#.##....# #..## #.#
#.##....# ##..# #.#
#.##....# #..# #.#
#.####### #..## #.#
###.# ##..# #.# ..#.#
#..# #.# ..#g#
#†y#########.# ..#g#
##@y.........# ..#.#
############# ..#.#
..#.#
..#.#################
###..)..............#
######.).........#.#
#......)...........#
#.####...........###


You could see 2 killer bees.

Vanquished Creatures
  A centaur skeleton (D:6)
  Grinder (D:5)
  Sigmund (D:3)
  2 orc warriors
  2 sky beasts (D:8)
  6 ogres
  A phantom (D:7)
  A centaur (D:7)
  7 bullfrogs
  A killer bee (D:7)
  2 jellies
  3 orc priests
  A gnoll shaman (D:7)
  7 orc wizards
  Terence (D:3)
  4 iguanas
  3 worker ants
  A killer bee zombie (D:5)
  A hound skeleton (D:6)
  A hound zombie (D:4)
  A howler monkey skeleton (D:5)
  9 gnolls
  10 adders
  2 shadow imps
  3 white imps
  An ooze (D:6)
  2 adder zombies
  A dart slug (D:1)
  A leopard gecko (D:3)
  13 orcs
  2 ball pythons
  7 giant cockroaches
  17 goblins
  14 hobgoblins
  9 jackals
  2 quokkas
  17 bats
  6 frilled lizards
  4 kobolds
  12 rats
180 creatures vanquished.

Vanquished Creatures (others)
  643 foxfires
643 creatures vanquished.

Grand Total: 823 creatures vanquished

Notes
Turn   | Place    | Note
-------+----------+-------------------------------------------
     0 | D:1      | eLGassi the Hill Orc Fire Elementalist began the quest for
                  | the Orb.
     0 | D:1      | Reached XP level 1. HP: 14/14 MP: 3/3
     1 | D:1      | Found a runed translucent door.
     1 | D:1      | Noticed a jelly
   105 | D:1      | Reached skill level 1 in Fighting
   157 | D:1      | Reached XP level 2. HP: 23/23 MP: 2/4
   573 | D:1      | Reached XP level 3. HP: 29/29 MP: 2/5
  1020 | D:2      | Reached skill level 2 in Fighting
  1539 | D:2      | Reached XP level 4. HP: 37/37 MP: 4/7
  2076 | D:3      | Noticed Sigmund
  2438 | D:3      | Killed Sigmund
  2439 | D:3      | Reached skill level 4 in Fighting
  2439 | D:3      | Reached XP level 5. HP: 43/46 MP: 1/8
  2439 | D:3      | Reached XP level 6. HP: 48/52 MP: 1/9
  2689 | D:3      | Noticed Terence
  2702 | D:3      | Killed Terence
  3755 | D:4      | Reached skill level 1 in Long Blades
  4072 | D:4      | Reached XP level 7. HP: 56/60 MP: 2/11
  4279 | D:4      | Found a hide-covered altar of Uskayaw.
  4704 | D:5      | Entered Level 5 of the Dungeon
  4711 | D:5      | Noticed Grinder
  4941 | D:5      | Reached skill level 1 in Armour
  4973 | D:5      | Reached skill level 5 in Fighting
  5082 | D:5      | Learned a level 3 spell: Conjure Flame
  5380 | D:5      | Reached skill level 5 in Fire Magic
  5423 | D:5      | Killed Grinder
  5424 | D:5      | Reached XP level 8. HP: 57/68 MP: 0/12
  5793 | D:5      | Found a faded altar of an unknown god.
  5793 | D:5      | Found a faded altar of an unknown god.
  5798 | D:5      | Found a blossoming altar of Fedhas.
  5800 | D:5      | Found an ornate altar of the Wu Jian Council.
  5802 | D:5      | Found a radiant altar of Vehumet.
  6810 | D:6      | Found a staircase to the Ecumenical Temple.
  6830 | D:6      | Reached skill level 6 in Fighting
  6998 | D:6      | Reached XP level 9. HP: 59/75 MP: 9/14
  7274 | Temple   | Entered the Ecumenical Temple
  7609 | Temple   | Became a worshipper of Makhleb the Destroyer
  7900 | D:7      | Reached skill level 5 in Long Blades
  7900 | D:7      | Reached skill level 5 in Armour
  8154 | D:7      | Reached skill level 1 in Invocations
  8339 | D:7      | Found a burning altar of Makhleb.
  8826 | D:7      | Reached skill level 5 in Conjurations
 10574 | D:8      | Reached skill level 7 in Fighting
 10710 | D:7      | HP: 4/118 [poisoned by a killer bee]
 10711 | D:7      | Slain by a killer bee

Illustrated notes

Levels and vault maps discovered:
D:1:      dpeg_arrival_caged_fury, layout_rooms
D:2:      minmay_general_purpose_star, layout_loops_corners
D:3:      layout_basic, minmay_misc_feat_pillars, uniq_sigmund, uniq_terence
D:4:      cheibrodos_greedy_goblins, layout_cave_pools,
          nicolae_overflow_hidden_temple, feat_on_display
D:5:      layout_loops_cross, chequers_temple_overflow_minitemple, uniq_grinder
D:6:      layout_loops_corners, temple_doors_e
D:7:      layout_basic, basic_altar
D:8:      lemuel_upstairs_altar, layout_rooms, serial_shops,
          nicolae_shop_competitors_out_of_business
Temple:   hc_temple_tempest_star

Skill      XL: |  1  2  3  4  5  6  7  8  9 |
---------------+----------------------------+-----
Fighting       | 1 2 4 5 6 7 |  7.0
Spellcasting   | 2 3 4 |  4.4
Conjurations   | 2 3 4 5 |  5.0
Fire Magic     | 4 5 |  5.0
Long Blades    | 1 3 4 5 |  5.7
Armour         | 2 4 6 |  6.3
Invocations    | 4 |  4.5
Dodging        | |  1.5
Stealth        | |  1.5

Action                   |  1- 3 |  4- 6 |  7- 9 || total
-------------------------+-------+-------+-------++-------
Melee: Scimitar          |       |    12 |   132 ||   144
 Fire: Hunting sling     |       |     8 |     4 ||    12
 Cast: Foxfire           |    59 |    82 |   237 ||   378
       Conjure Flame     |       |       |     1 ||     1
  Use: Scroll            |     4 |       |     1 ||     5
       Potion            |       |       |     1 ||     1
Armor: Robe              |     7 |     7 |       ||    14
       Leather armour    |       |       |    17 ||    17
       Scale mail        |       |       |   109 ||   109
Dodge: Dodged            |    10 |    29 |   116 ||   155
       Rpst.: Scimitar   |       |     4 |    39 ||    43

Table legend: (Time is in decaauts)
 A = Elapsed time spent in this place.
 B = Non-inter-level travel time spent in this place.
 C = Inter-level travel time spent in this place.
 D = Time resting spent in this place.
 E = Time spent auto-exploring this place.
 F = Levels seen in this place.
 G = Mean time per level.
                   A        B        C        D        E       F      G
               +--------+--------+--------+--------+--------+-----+--------+
         Total |  10743 |  10448 |    295 |   3395 |   5343 |   9 | 1193.7 |
       Dungeon |  10387 |  10113 |    274 |   3395 |   5046 |   8 | 1298.4 |
        Temple |    356 |    335 |     21 |      0 |    297 |   1 |  356.0 |
               +--------+--------+--------+--------+--------+-----+--------+

Top non-repeatable levels by time:
     D:7: 2568 daAuts
     D:6: 1667 daAuts
     D:3: 1507 daAuts
     D:2: 1494 daAuts
     D:4: 1106 daAuts
     D:5: 1014 daAuts
     D:1: 740 daAuts
  Temple: 356 daAuts
     D:8: 289 daAuts
